 Dungeon Crawl Stone Soup version 0.21.0-3-g78d12a8 (webtiles) character file.

164 FrothyCoffee the Firebug (level 5, 0/38 HPs)
             Began as a Draconian Fire Elementalist on Jan 9, 2018.
             Killed from afar by an orc wizard (10 damage)
             ... with a puff of flame
             ... on level 3 of the Dungeon.
             The game lasted 00:07:23 (2997 turns).

FrothyCoffee the Firebug (DrFE)                     Turns: 2997, Time: 00:07:24

Health: 0/38       AC:  5    Str: 10    XL:     5   Next: 21%
Magic:  1/9        EV: 12    Int: 17    God:
Gold:   96         SH:  0    Dex: 11    Spells: 3/9 levels left

rFire    . . .     SeeInvis .   d - +0 short sword
rCold    . . .     Gourm    .   (no shield)
rNeg     . . .     Faith    .   (armour unavailable)
rPois    .         Spirit   .   (helmet restricted)
rElec    .         Reflect  .   (no cloak)
rCorr    .         Harm     .   (no gloves)
MR       .....                  (no boots)
Stlth    ++........             (no amulet)
HPRegen  0.12/turn              (no ring)
MPRegen  0.11/turn              (no ring)

@: very slightly contaminated
A: unfitting armour, cold-blooded, AC +5
a: no special abilities


You were on level 3 of the Dungeon.
You were not hungry.

You visited 1 branch of the dungeon, and saw 3 of its levels.

You collected 96 gold pieces.

Inventory:

Hand Weapons
 d - a +0 short sword (weapon)
Missiles
 g - a throwing net (quivered)
Armour
 e - a +0 pair of boots
Jewellery
 h - an uncursed amulet of harm {unknown}
Scrolls
 c - 3 scrolls of identify {unknown}
 k - 2 scrolls of enchant armour {unknown}
 l - a scroll of random uselessness {unknown}
 m - 2 scrolls of remove curse {unknown}
Potions
 f - a potion of berserk rage {unknown}
 i - 2 potions of haste {unknown}
 j - a potion of flight {unknown}
 n - a potion of might {unknown}
 p - a potion of heal wounds {unknown}
Books
 a - a book of Flames

   Spells                             Type                      Level
   a - Flame Tongue                   Conjuration/Fire             1
   b - Throw Flame                    Conjuration/Fire             2
   c - Conjure Flame                  Conjuration/Fire             3
   d - Inner Flame                    Hexes/Fire                   3
   e - Sticky Flame                   Conjuration/Fire             4
   f - Fireball                       Conjuration/Fire             5
Comestibles
 b - 8 rations
 o - 3 chunks of flesh


   Skills:
 - Level 1.7 Dodging
 - Level 1.7 Stealth
 + Level 2.9 Spellcasting
 * Level 3.2 Conjurations
 * Level 4.3 Fire Magic


You had 3 spell levels left.
You knew the following spells:

 Your Spells              Type           Power        Failure   Level  Hunger
a - Flame Tongue          Conj/Fire      ###..        3%          1    None
b - Throw Flame           Conj/Fire      ###...       5%          2    ##.....
c - Conjure Flame         Conj/Fire      ###.....     11%         3    ###....


Dungeon Overview and Level Annotations

Branches:
Dungeon (3/15)

Altars:
Fedhas


Innate Abilities, Weirdness & Mutations

Your plain brown scales are hard. (AC +5)
You cannot fit into any form of body armour.
You are cold-blooded and may be slowed by cold attacks.


Message History

The orc wizard is heavily wounded.
The orc wizard barely misses you.
You hit the orc wizard but do no damage.
You tail-slap the orc wizard.
The orc wizard is heavily wounded.
The orc wizard hits you with a dagger.
You hit the orc wizard.
The orc wizard is severely wounded.
The orc wizard hits you with a dagger.
You closely miss the orc wizard.
The orc wizard is severely wounded.
The orc wizard misses you.
The orc wizard gestures at you while chanting.
The puff of flame hits you!
* * * LOW HITPOINT WARNING * * *
You hit the orc wizard.
The orc wizard is almost dead.
The orc wizard points at you and mumbles some strange words.
The puff of flame hits you!
You die...

#. ############ #.
###..........# #.
#............###'
#.#..............
#.#..............
#.#..............
#######.#.........#.... ...
#.....@....#.######.... .....
#.##.o#....#.######....
.†..###.###.#....#.#....'....
#o#.#.o.....#....#.#.####....
#.#.#.#.###.#....#.#.# #....
#.#.#.#.# #.#....#.#.# #####
#.#.#.#.# #.#....#.#.####....
#.#'#.#.# #.#....#.#.........
#...o.#.# #.# #...##)...


You could see an orc wizard.

Vanquished Creatures
  An orc wizard (D:3)
  6 adders
  4 oozes
  3 worms (D:2)
  2 dart slugs
  A leopard gecko (D:2)
  4 orcs (D:3)
  A ball python (D:1)
  A giant cockroach (D:3)
  6 goblins
  7 hobgoblins
  6 bats
  2 frilled lizards
  7 kobolds
  4 rats
55 creatures vanquished.

Notes
Turn   | Place    | Note
-------+----------+-------------------------------------------
     0 | D:1      | FrothyCoffee the Draconian Fire Elementalist began the quest for the Orb.
     0 | D:1      | Reached XP level 1. HP: 14/14 MP: 3/3
   200 | D:1      | Reached XP level 2. HP: 20/20 MP: 3/5
  1108 | D:2      | Reached XP level 3. HP: 26/26 MP: 4/6
  1240 | D:2      | Learned a level 3 spell: Conjure Flame
  1593 | D:2      | Reached XP level 4. HP: 33/33 MP: 2/7
  1880 | D:2      | Reached skill level 4 in Fire Magic
  1935 | D:2      | Found a blossoming altar of Fedhas.
  2474 | D:3      | Learned a level 2 spell: Throw Flame
  2797 | D:3      | Reached XP level 5. HP: 38/38 MP: 5/9
  2997 | D:3      | Killed from afar by an orc wizard

Skill      XL: |  1  2  3  4 |
---------------+-------------+-----
Conjurations   | 2 3 |  3.2
Fire Magic     | 4 |  4.3
Dodging        | |  1.7
Stealth        | |  1.7
Spellcasting   | |  2.9

Action                   |  1- 3 |  4- 6 || total
-------------------------+-------+-------++-------
Melee: Short sword       |     2 |    17 ||    19
       Tailslap          |     1 |     1 ||     2
 Cast: Flame Tongue      |    60 |    39 ||    99
       Throw Flame       |       |    16 ||    16
  Eat: Chunk             |     3 |     5 ||     8
Armor: Skin              |     2 |     4 ||     6
Dodge: Dodged            |    12 |    12 ||    24
